 Dungeon Crawl Stone Soup version 0.17-a0-1663-gb806841 (webtiles) character file.

41135 kae the Lord of Darkness (level 13, -11/103 HPs)
             Began as a Demonspawn Necromancer on Aug 16, 2015.
             Was the Champion of Kikubaaqudgha.
             Mangled by a catoblepas (29 damage)
             ... on level 2 of the Lair of Beasts.
             The game lasted 01:09:20 (31503 turns).

kae the Lord of Darkness (Demonspawn Necromancer)  Turns: 31503, Time: 01:09:20

Health: -11/103    AC: 13    Str: 10    XL:     13   Next: 78%
Magic:  0/29       EV: 18    Int: 21    God:    Kikubaaqudgha [******]
Gold:   1734       SH:  0    Dex: 13    Spells: 7 memorised, 15 levels left

rFire  . . .     SeeInvis .     C - +5 dagger (venom)
rCold  . . .     Clarity  .     s - +2 robe {MR+}
rNeg   + . .     SustAt   +     (no shield)
rPois  +         Gourm    .     (helmet restricted)
rElec  .         Spirit   +     r - +2 cloak {MR+}
rCorr  .         Warding  +     v - +0 pair of gloves
rMut   .         Stasis   .     l - +2 pair of boots
MR     ++...                    u - amulet of warding
Stlth  ++++......               O - ring of sustain attributes
                                P - ring of poison resistance (curse)

@: starving, very resistant to hostile enchantments, stealthy
A: antennae 2, slimy green scales 1, nightstalker 2, magic shield, magic
regeneration
a: Receive Corpses, Torment, Renounce Religion


You were on level 2 of the Lair of Beasts.
You worshipped Kikubaaqudgha.
Kikubaaqudgha was exalted by your worship.
You were starving.

You visited 3 branches of the dungeon, and saw 18 of its levels.
You also visited: Bailey.

You collected 1914 gold pieces.
You spent 180 gold pieces at shops.

Inventory:

Hand weapons
 d - a +0 short sword of venom
 C - a +5 dagger of venom (weapon)
Armour
 l - a +2 pair of boots (worn)
 r - a +2 cloak of magic resistance (worn)
 s - a +2 robe of magic resistance (worn)
 v - a +0 pair of gloves (worn)
Magical staves
 F - an uncursed staff of wizardry
Jewellery
 k - a +2 ring of strength
 u - an amulet of warding (around neck)
 y - an uncursed ring of magical power
 G - an uncursed ring of see invisible
 O - a ring of sustain attributes (right hand)
 P - a cursed ring of poison resistance (left hand)
 R - an uncursed ring of protection from fire
Magical devices
 o - a wand of digging (1)
 q - a wand of frost (24)
 x - a wand of confusion (22)
 X - a wand of invisibility (4)
 Z - a wand of fireball (7)
Scrolls
 e - 4 scrolls of teleportation
 g - 3 scrolls of magic mapping
 h - 4 scrolls of amnesia
 t - 2 scrolls of remove curse
 H - a scroll of brand weapon
 N - 3 scrolls of fog
 V - a scroll of fear
 Y - 3 scrolls of identify
Potions
 i - a potion of cancellation
 w - a potion of resistance
 z - a potion of heal wounds
 A - a potion of curing
 D - a potion of lignification
 E - 2 potions of mutation
 J - 2 potions of might
 L - 6 potions of flight
Books
 b - a book of Necromancy

   Spells                             Type                      Level
   a - Pain                           Necromancy                   1
   b - Animate Skeleton               Necromancy                   1
   c - Vampiric Draining              Necromancy                   3
   d - Regeneration                   Charms/Necromancy            3
   e - Animate Dead                   Necromancy                   4
   f - Control Undead                 Necromancy                   4
 p - Kikubaaqudgha's Incunabulum of Necromancy
   (Kikubaaqudgha gifted it to you on level 11 of the Dungeon)

   Spells                             Type                      Level
   a - Animate Dead                   Necromancy                   4
   b - Agony                          Necromancy                   5
   c - Cigotuvi's Embrace             Necromancy                   5
   d - Dispel Undead                  Necromancy                   5
   e - Simulacrum                     Ice/Necromancy               6
 B - a book of Geomancy

   Spells                             Type                      Level
   a - Sandblast                      Earth                        1
   b - Stoneskin                      Transmutation/Earth          2
   c - Passwall                       Transmutation/Earth          3
   d - Stone Arrow                    Conjuration/Earth            3
   e - Petrify                        Transmutation/Earth          4
   f - Lee's Rapid Deconstruction     Earth                        5
 S - a Fen Folio

   Spells                             Type                      Level
   a - Corpse Rot                     Necromancy                   2
   b - Stone Arrow                    Conjuration/Earth            3
   c - Leda's Liquefaction            Hexes/Earth                  4
   d - Summon Forest                  Summoning/Translocation      5
   e - Hydra Form                     Transmutation                6
   f - Summon Hydra                   Summoning                    7
 T - Kikubaaqudgha's Compendium of Black Rituals
   (Kikubaaqudgha gifted it to you on level 10 of the Dungeon)

   Spells                             Type                      Level
   a - Animate Skeleton               Necromancy                   1
   b - Corpse Rot                     Necromancy                   2
   c - Sublimation of Blood           Necromancy                   2
   d - Regeneration                   Charms/Necromancy            3
   e - Control Undead                 Necromancy                   4
 U - a book of Death

   Spells                             Type                      Level
   a - Corpse Rot                     Necromancy                   2
   b - Sublimation of Blood           Necromancy                   2
   c - Agony                          Necromancy                   5
   d - Dispel Undead                  Necromancy                   5
   e - Excruciating Wounds            Charms/Necromancy            5
   f - Bolt of Draining               Conjuration/Necromancy       5
Miscellaneous
 a - 2 phantom mirrors
Comestibles
 c - 11 bread rations
 f - 9 beef jerkies
 j - a fruit
 m - 9 meat rations
 n - a royal jelly
 K - 5 slices of pizza


   Skills:
 - Level 10.2 Fighting
 - Level 10.3 Dodging
 - Level 1.7 Stealth
 * Level 12.2 Spellcasting
 - Level 15.0 Necromancy


You had 15 spell levels left.
You knew the following spells:

 Your Spells              Type           Power        Failure   Level  Hunger
a - Pain                  Necr           ####         0%          1    None
b - Animate Skeleton      Necr           N/A          0%          1    None
c - Vampiric Draining     Necr           ######....   1%          3    None
d - Animate Dead          Necr           N/A          1%          4    None
e - Regeneration          Chrm/Necr      #####.....   1%          3    None
f - Control Undead        Necr           ######....   1%          4    None
g - Dispel Undead         Necr           ######..     1%          5    ####...


Dungeon Overview and Level Annotations

Branches:
Dungeon (11/15)            Temple (1/1) D:7            Lair (6/8) D:8
  Swamp (0/4) Lair:6        Snake (0/4) Lair:4        Slime (0/6) Lair:6
    Orc (0/4) D:10

Altars:
Ashenzari
Cheibriados
Dithmenos
Elyvilon
Fedhas
Gozag
Kikubaaqudgha
Makhleb
Nemelex Xobeh
Okawaru
Qazlal
Ru
Sif Muna
Trog
Vehumet
Xom
Yredelemnul
Zin
The Shining One
Jiyva

Shops:
D:6 !   D:7 [

Annotations:
D:3 cireshan's ghost, average DECj
D:5 Grinder
D:9 Vikmgn's ghost, experienced GrVM
D:10 exclusions: door, skeleton and 2 more exclusions
D:11 Fannar
Lair:5 exclusion: 2 hydras


Innate Abilities, Weirdness & Mutations

You have a pair of antennae on your head.
You are partially covered in slimy green scales (AC +2).
You are significantly more attuned to the shadows.
When hurt, damage is shared between your health and your magic reserves.
You regenerate magic rapidly.


Message History

As you read the scroll of fear, it crumbles to dust.
You assume a fearsome visage.
The sheep looks frightened!
The sheep stampedes away.
The sheep looks frightened!
The sheep stampedes away.
The sheep looks frightened!
The sheep is struck with panic!
The sheep resists with some effort.
The catoblepas resists with some effort.
The sheep looks frightened!
A frightened sheep leaps away.
The catoblepas breathes a plume of calcifying dust at you.
The blast of calcifying dust hits you!
You are starving!
Read which item? (? for menu, Esc to quit)
Okay, then.
Drink which item? (? for menu, Esc to quit)
You feel better. The catoblepas gores you!!
You die...
Kikubaaqudgha rasps: "You have failed me!
Welcome... death!"

........................## #.
.....#.####..............# #.
........##..............## #.
).......##..............## #.
...#...####..............## #.
....##..# #.............#.# ##.
...###.P###...........Z.#######..
...###.##.#............Z#.#.P###.
###....Y.......Y@....[.....Z.....
##.....Y.†.§.§...................
.......Y...##..#..#.###....#.#≈#≈
...........######.### ##....≈≈≈≈#
.#.........# ####### ##...P≈≈≈≈.
..#........####..##≈###P...≈≈≈≈≈#
.##.......†..#...≈.≈.###....≈≈≈≈≈
.#.............≈≈≈≈≈≈.#P.....≈≈#.
.#............≈≈≈≈≈≈≈............


You could see a catoblepas.

Vanquished Creatures
  5 hydras
  Erica (Lair:1)
  5 death yaks (Lair:5)
  An unseen horror (D:11)
  An ugly thing (D:11)
  10 elephants
  A cyclops (D:11)
  3 black mambas
  Joseph (D:8)
  3 spiny frogs
  3 fire drakes
  3 komodo dragons
  A troll (D:10)
  A boulder beetle (Lair:5)
  A slime creature (Lair:4)
  A trapdoor spider zombie (D:9)
  12 blink frogs
  8 hippogriffs
  A hungry ghost (D:6)
  Grum (D:11)
  A fire elemental (Lair:2)
  A human (D:10)
  2 nagas (Lair:4)
  A basilisk (Lair:4)
  26 yaks
  21 wolves
  14 swamp worms (Lair:6)
  6 water moccasins
  8 orc warriors
  10 porcupines
  5 black bears
  2 ice beasts
  4 ogres
  10 crocodiles
  2 centaurs
  9 giant frogs
  2 big kobolds
  A gnoll sergeant (D:9)
  A wyvern zombie (D:8)
  Dowan (D:7)
  3 scorpions
  3 wights (D:8)
  A gnoll shaman (D:6)
  3 crimson imps
  A giant frog zombie (D:8)
  A centaur zombie (D:8)
  7 hounds
  6 jellies
  3 centaur skeletons
  4 orc priests
  2 giant frog skeletons
  7 orc wizards
  12 iguanas
  5 worker ants
  3 hell rats (Lair:5)
  19 sheep
  3 hound skeletons
  23 gnolls
  20 river rats
  5 adders
  6 shadow imps
  18 oozes (Lair:4)
  An adder skeleton (D:9)
  4 worms
  3 giant geckos
  33 orcs
  A ball python (D:1)
  9 giant cockroaches
  12 goblins
  9 hobgoblins
  21 jackals
  35 kobolds
  2 quokkas
  5 bats
  A giant cockroach zombie (D:6)
  A giant gecko skeleton (D:4)
  7 giant newts
  A quokka skeleton (D:4)
  6 rats
  8 fungi (D:8)
  5 plants
509 creatures vanquished.

Vanquished Creatures (collateral kills)
  A hydra (Lair:6)
  A death yak (Lair:5)
  4 elephants (Lair:6)
  2 black mambas
  A molten gargoyle (Lair:2)
  6 spiny frogs
  3 komodo dragons
  A two-headed ogre (D:11)
  A basilisk (Lair:4)
  9 yaks
  2 hippogriffs
  10 wolves
  A swamp worm (Lair:6)
  A naga (Lair:4)
  Duvessa (D:7)
  4 water moccasins
  3 porcupines
  A black bear (Lair:3)
  An ice beast (D:11)
  A centaur (D:10)
  An orc warrior (D:11)
  A phantom (D:10)
  9 crocodiles
  3 giant frogs
  A quasit (D:10)
  An orc priest (D:8)
  A giant frog skeleton (D:8)
  A hell rat (Lair:5)
  An iguana (Lair:3)
  2 orc wizards
  A worker ant (D:9)
  4 sheep
  An adder (D:10)
  27 river rats
  An adder skeleton (D:4)
  2 worms (Lair:6)
  A giant gecko (D:1)
  4 orcs
  A goblin (D:2)
  2 jackals
  A quokka (D:9)
  2 kobolds (D:7)
  A rat (D:2)
  3 fungi
126 creatures vanquished.

Vanquished Creatures (others)
  An orc wizard (D:7)
  2 orcs (D:7)
  43 fungi
  22 plants
68 creatures vanquished.

Grand Total: 703 creatures vanquished

Notes
Turn   | Place    | Note
--------------------------------------------------------------
     0 | D:1      | kae the Demonspawn Necromancer began the quest for the Orb.
     0 | D:1      | Reached XP level 1. HP: 13/13 MP: 3/3
   267 | D:1      | Gained mutation: You are partially covered in slimy green scales (AC +2). [demonic ancestry]
   267 | D:1      | Reached XP level 2. HP: 10/19 MP: 1/5
   542 | D:1      | Reached skill level 5 in Necromancy
  1033 | D:1      | Learned a level 1 spell: Animate Skeleton
  1110 | D:1      | Gained mutation: When hurt, damage is shared between your health and your magic reserves. [demonic ancestry]
  1110 | D:1      | Reached XP level 3. HP: 21/24 MP: 6/6
  1837 | D:2      | Found a glowing golden altar of the Shining One.
  2031 | D:2      | Reached XP level 4. HP: 30/30 MP: 5/7
  2295 | D:3      | Reached skill level 6 in Necromancy
  2589 | D:3      | Noticed cireshan's ghost (average DECj)
  3251 | D:4      | Gained mutation: You regenerate magic rapidly. [demonic ancestry]
  3251 | D:4      | Reached XP level 5. HP: 30/35 MP: 3/9
  3326 | D:4      | Found a burning altar of Makhleb.
  3338 | D:4      | Reached skill level 7 in Necromancy
  3434 | D:4      | Gained mutation: You have a pair of small antennae on your head. [demonic ancestry]
  3434 | D:4      | Reached XP level 6. HP: 21/41 MP: 3/11
  3444 | D:4      | HP: 2/41 [gnoll/halberd (7)]
  3985 | D:4      | Noticed a phantom
  4389 | D:4      | Learned a level 3 spell: Vampiric Draining
  4394 | D:4      | Learned a level 4 spell: Animate Dead
  4398 | D:4      | Learned a level 3 spell: Regeneration
  4538 | D:5      | Entered Level 5 of the Dungeon
  4632 | D:5      | Reached skill level 8 in Necromancy
  5138 | D:5      | Noticed Grinder
  5595 | D:6      | Reached XP level 7. HP: 41/46 MP: 7/13
  6319 | D:6      | Reached skill level 9 in Necromancy
  6432 | D:6      | Found a shadowy altar of Dithmenos.
  6574 | D:6      | Noticed a hungry ghost
  6606 | D:6      | Killed a hungry ghost
  6700 | D:6      | Found Haekkues's Distillery.
  6708 | D:6      | Bought a potion of curing for 42 gold pieces
  6708 | D:6      | Bought a potion of mutation for 35 gold pieces
  6712 | D:6      | Identified 2 scrolls of acquirement
  6823 | D:6      | Found an opulent altar of Gozag.
  6824 | D:6      | Found a glowing silver altar of Zin.
  6864 | D:6      | Found a shattered altar of Ashenzari.
  6865 | D:6      | Found a snail-covered altar of Cheibriados.
  7167 | D:7      | Reached skill level 5 in Spellcasting
  7167 | D:7      | Gained mutation: You are slightly more attuned to the shadows. [demonic ancestry]
  7167 | D:7      | Reached XP level 8. HP: 33/52 MP: 9/15
  7575 | D:7      | Reached skill level 10 in Necromancy
  7845 | D:7      | Noticed Dowan
  7869 | D:7      | Noticed Duvessa
  7881 | D:7      | Killed Dowan
  7897 | D:7      | Your ally Dowan died
  8061 | D:7      | Killed Duvessa
  8083 | D:7      | Found a staircase to the Ecumenical Temple.
  8092 | Temple   | Entered the Ecumenical Temple
  8603 | D:7      | Found Pierchai's Antique Armour Boutique.
  8608 | D:7      | Bought a runed cloak for 103 gold pieces
  8961 | D:8      | Reached skill level 11 in Necromancy
  9512 | D:8      | Noticed Joseph
  9523 | D:8      | Killed Joseph
  9523 | D:8      | Reached XP level 9. HP: 37/57 MP: 7/18
  9636 | D:8      | Learned a level 4 spell: Control Undead
  9653 | D:8      | Found a staircase to the Lair.
  9661 | D:8      | Your ally Joseph died
  9761 | D:8      | Reached skill level 12 in Necromancy
 10310 | D:9      | Noticed Vikmgn's ghost (experienced GrVM)
 11046 | D:8      | Reached skill level 13 in Necromancy
 11348 | D:9      | Found an ancient bone altar of Kikubaaqudgha.
 11575 | D:9      | Reached skill level 14 in Necromancy
 11575 | D:9      | Reached XP level 10. HP: 36/63 MP: 19/19
 11911 | D:9      | Became a worshipper of Kikubaaqudgha
 12261 | Lair:1   | Entered Level 1 of the Lair of Beasts
 12468 | Lair:1   | Noticed Erica
 12486 | Lair:1   | Killed Erica
 12606 | Lair:1   | Your ally Erica died
 12889 | Lair:1   | Reached skill level 15 in Necromancy
 12926 | Lair:1   | Noticed a black mamba
 12940 | Lair:1   | Killed a black mamba
 12940 | Lair:1   | Reached skill level 1 in Fighting
 14041 | Lair:1   | Noticed a black mamba
 14051 | Lair:1   | Killed a black mamba
 14592 | D:10     | Entered Level 10 of the Dungeon
 14768 | D:10     | Acquired Kikubaaqudgha's first power
 14768 | D:10     | Received a gift from Kikubaaqudgha
 14768 | D:10     | Reached skill level 5 in Fighting
 14839 | D:10     | Identified Kikubaaqudgha's Compendium of Black Rituals (Kikubaaqudgha gifted it to you on level 10 of the Dungeon)
 14862 | D:10     | Found a staircase to the Orcish Mines.
 15104 | D:10     | Reached XP level 11. HP: 53/81 MP: 12/20
 15635 | D:11     | Found a flagged portal.
 15685 | Bailey   | Entered a bailey
 15744 | Bailey   | Acquired Kikubaaqudgha's second power
 16341 | D:11     | Noticed Fannar
 16528 | D:11     | Received a gift from Kikubaaqudgha
 16529 | D:11     | Identified Kikubaaqudgha's Incunabulum of Necromancy (Kikubaaqudgha gifted it to you on level 11 of the Dungeon)
 16536 | D:11     | Learned a level 5 spell: Dispel Undead
 16604 | D:11     | Noticed Grum
 16630 | D:11     | Killed Grum
 16793 | D:11     | Noticed an unseen horror
 16800 | D:11     | Killed an unseen horror
 16800 | D:11     | Reached skill level 5 in Dodging
 16878 | D:11     | Your ally Grum died
 18760 | Lair:2   | Found a glowing golden altar of the Shining One.
 19622 | Lair:2   | Noticed a four-headed hydra
 19622 | Lair:2   | Reached skill level 10 in Fighting
 19630 | Lair:2   | Noticed an eight-headed hydra
 19792 | Lair:2   | Acquired Kikubaaqudgha's third power
 19798 | Lair:2   | Gained mutation: You are significantly more attuned to the shadows. [demonic ancestry]
 19798 | Lair:2   | Reached XP level 12. HP: 87/97 MP: 0/21
 20676 | Lair:2   | Killed a four-headed hydra
 22159 | Lair:3   | Noticed a five-headed hydra
 22797 | Lair:3   | Killed a five-headed hydra
 22797 | Lair:3   | Reached skill level 10 in Dodging
 23284 | Lair:4   | Killed an eight-headed hydra
 23630 | Lair:4   | Found a staircase to the Snake Pit.
 23660 | Lair:4   | Found a blossoming altar of Fedhas.
 23838 | Lair:4   | Acquired Kikubaaqudgha's fourth power
 25136 | Lair:5   | Gained mutation: You have a pair of antennae on your head. [demonic ancestry]
 25136 | Lair:5   | Reached XP level 13. HP: 92/103 MP: 23/25
 25556 | Lair:5   | Noticed a seven-headed hydra
 25580 | Lair:5   | Noticed a six-headed hydra
 25727 | Lair:5   | Killed a six-headed hydra
 25762 | Lair:5   | Killed a seven-headed hydra
 26866 | Lair:5   | Reached skill level 10 in Spellcasting
 28321 | Lair:6   | Found a staircase to the Slime Pits.
 28322 | Lair:6   | Found a viscous altar of Jiyva.
 29558 | Lair:6   | Found a staircase to the Swamp.
 31369 | Lair:4   | Noticed an eight-headed hydra
 31461 | Lair:2   | Noticed a catoblepas
 31503 | Lair:2   | Mangled by a catoblepas

Vault maps used:
D:1:      roderic_dead_forest, minmay_door_square
D:2:      nicolae_overflow_crystal_walls
D:3:      first_bread, fountainhead
D:4:      bloody_makhleb
D:5:      uniq_grinder
D:6:      grunt_temple_overflow_gold_and_silver, lemuel_doored_altar,
          gammafunk_temple_overflow_wave, serial_shops, nicolae_shop_crystal
D:7:      minmay_temple_entry_enclosed_plants, serial_shops,
          kennysheep_little_box, lemuel_old_faithful, uniq_duvessa
D:8:      dpeg_oklobed_lair, uniq_joseph
D:9:      kennysheep_mini_moat
D:10:     orc_0_dummy, grunt_livestock, centaur_isle
D:11:     enter_bailey_3, uniq_fannar, uniq_grum
Temple:   oiseaux_autumnal_temple_12
Lair:1:   grunt_megastairs_3, uniq_erica
Lair:2:   basic_altar, infiniplex_staircase_pool_2
Lair:3:   beast_lair_carwin_1
Lair:4:   lemuel_slime, guppyfry_snake_entry_garden, basic_altar
Lair:5:   lightli_volcano_entry_magma_tube
Lair:6:   swamp_mist, slime_altar_1, minivault_23, worms_lemuel
Bailey:   bailey_axe_1, bailey

Action                   |  1- 3 |  4- 6 |  7- 9 | 10-12 | 13-15 || total
-------------------------+-------+-------+-------+-------+-------++-------
Melee: Unarmed           |    20 |       |       |       |       ||    20
       Short sword       |    78 |   199 |    55 |       |       ||   332
       Staff             |       |       |    33 |       |       ||    33
       Dagger            |       |       |   226 |  1102 |   427 ||  1755
 Cast: Pain              |    46 |    89 |   207 |   373 |    55 ||   770
       Animate Skeleton  |    11 |    15 |    13 |    33 |    10 ||    82
       Animate Dead      |       |       |    15 |    56 |    27 ||    98
       Regeneration      |       |       |     2 |     3 |       ||     5
       Vampiric Draining |       |       |    14 |   142 |    87 ||   243
       Control Undead    |       |       |     2 |     5 |       ||     7
Evoke: Wand              |       |       |     1 |     1 |       ||     2
  Use: Scroll            |       |       |    14 |    18 |     4 ||    36
       Potion            |       |       |     3 |     6 |     4 ||    13
 Stab: Sleeping          |     6 |     2 |     6 |    10 |     6 ||    30
       Distracted        |       |       |     3 |     2 |     3 ||     8
  Eat: Chunk             |     4 |    10 |    16 |    47 |    14 ||    91
       Fruit             |       |       |     4 |     4 |     2 ||    10
       Bread ration      |       |       |     2 |     1 |     1 ||     4
       Pizza             |       |       |     1 |     5 |       ||     6
